 Dungeon Crawl Stone Soup version 0.30-a0-778-g2ef04afb54 (webtiles) character file.

Game seed: 11131197207073335159

13860 Anon1729 the Tainter (level 12, -1/81 HPs)
             Began as a Meteoran Venom Mage on Feb 16, 2023.
             Was an Initiate of Gozag.
             Shot with a bolt by an orc knight (20 damage)
             ... on level 2 of the Orcish Mines.
             The game lasted 00:29:06 (4770 turns).

Anon1729 the Tainter (Meteoran Venom Mage)          Turns: 4770, Time: 00:29:06

Health: -1/81      AC:  3    Str: 11    XL:     12   Next: 70%
Magic:  4/27       EV: 22    Int: 21    God:    Gozag
Gold:   1828       SH:  0    Dex: 15    Spells: 15/31 levels left

rFire   + . .      SeeInvis .    m - +1 dagger (venom)
rCold   . . .      Faith    .    (no shield)
rNeg    . . .      Spirit   .    a - +0 robe
rPois   .          Reflect  .    (no helmet)
rElec   .          Harm     .    (no cloak)
rCorr   .          Rampage  .    (no gloves)
Will    ++...                    u - +0 pair of boots
Stlth   ++                       d - amulet of regeneration
HPRegen 1.13/turn                n - +5 ring of evasion
MPRegen 0.20/turn                g - ring of the City {rF+ Will+}

@: glowing
A: sense surroundings 2, otherworldly, glowing, explore regen
a: Renounce Religion, Potion Petition, Call Merchant, Bribe Branch


You were on level 2 of the Orcish Mines.
You worshipped Gozag.
Gozag was most pleased with you.
You visited 2 branches of the dungeon, and saw 13 of its levels.

You collected 2242 gold pieces.
You paid 414 gold pieces to Gozag.

Inventory:

Hand Weapons
 h - a +0 long sword
 m - a +1 dagger of venom (weapon)
 B - the +5 whip of the Blowfly {antimagic, Contam rN+ Will+ SInv}
   (You found it on level 8 of the Dungeon)

   rN:        It protects you from negative energy.
   SInv:      It lets you see invisible.
   Contam:    It causes magical contamination when unequipped.
   Will:      It increases your willpower.
Missiles
 q - 2 datura-tipped darts
 D - a throwing net
Armour
 a - a +0 robe (worn)
 u - a +0 pair of boots (worn)
 G - the +0 robe of Mental Paralysis {Dex+2}
   (You found it on level 10 of the Dungeon)

   Dex:       It affects your dexterity (+2).
 I - a +0 kite shield of reflection
Jewellery
 d - an amulet of regeneration (around neck)
 g - the ring of the City (right hand) {rF+ Will+}
   (You found it on level 8 of the Dungeon)

   [ring of willpower]

   rF:        It protects you from fire.
   Will:      It increases your willpower.
 n - a +5 ring of evasion (left hand)
 t - a ring of poison resistance
 w - a ring of willpower
Wands
 r - a wand of digging (3)
 x - a wand of paralysis (13)
 H - a wand of polymorph (1)
Scrolls
 e - 3 scrolls of teleportation
 k - 2 scrolls of fog
 l - 2 scrolls of blinking
 o - a scroll of poison
 s - a scroll of magic mapping
 y - 3 scrolls of fear
 C - a scroll of acquirement {unknown}
 E - a scroll of identify
 F - a scroll of enchant armour {unknown}
Potions
 b - 3 potions of magic
 c - a potion of brilliance
 f - 3 potions of mutation
 i - a potion of curing
 j - a potion of lignification
 p - a potion of heal wounds
 v - 2 potions of cancellation {unknown}
 z - a potion of resistance {unknown}
 A - a potion of might {unknown}


   Skills:
 + Level 10.0 Dodging
 + Level 6.9 Stealth
 + Level 10.2 Spellcasting
 + Level 7.8 Translocations
 + Level 9.8 Transmutations
 + Level 10.4 Poison Magic


You had 15 spell levels left.
You knew the following spells:

 Your Spells              Type           Power      Damage    Failure   Level
a - Sting                 Tmut/Pois      100%       1d8       1%          1
b - Mephitic Cloud        Conj/Pois/Air  25%        N/A       4%          3
c - Olgreb's Toxic Radia  Pois           53%        N/A       1%          4
d - Gell's Gravitas       Tloc           43%        N/A       1%          3
e - Iskenderun's Battles  Conj           10%        2d6       87%         5

Your spell library contained the following spells:

 Spells                   Type           Power      Damage    Failure   Level
 Poisonous Vapours        Pois/Air       64%        N/A       1%          2
 Teleport Other           Tloc           43%        N/A       1%          3
 Dispersal                Tloc           21%        N/A       36%         6
 Fireball                 Conj/Fire      5%         3d5       87%         5
 Conjure Ball Lightning   Conj/Air       5%         3x3d6     100%        6
 Orb of Destruction       Conj           5%         9d5       100%        7


Dungeon Overview and Level Annotations

Branches:
Dungeon (11/15) Zot: 2723  Temple (0/1) D:7             Orc (2/2) D:11 Zot: 284
    Elf (0/3) Orc:2
   Lair: D:8-11

Altars:
Dithmenos
Gozag
Makhleb
Sif Muna

Shops:
D:1 [

Portals:
Ice
Cave: D:11

Annotations:
D:6 3 runed translucent doors, Shenda's ghost, novice TeSu


Innate Abilities, Weirdness & Mutations

You passively map the area around you.
You are easily found by Zot.
You glow in the dark.
You regain HP and MP as you explore.


Message History

The orc knight hits you with a +3 battleaxe!
You closely miss the orc knight.
The orc knight is heavily wounded.
The orc knight hits you with a +3 battleaxe!!
You closely miss the orc knight.
The orc knight is heavily wounded.
You recover from your berserk rage.
The orc knight hits you with a +3 battleaxe!
* * * LOW HITPOINT WARNING * * *
Casting: Mephitic Cloud (dangerous; 4% risk of failure)
Confirm with . or Enter, or press ? or * to list all spells.
Aiming: Mephitic Cloud (dangerous; 4% risk of failure)
Press: ? - help, Shift-Dir - straight line The ball explodes into a vile cloud!
The stinking cloud engulfs the orc knight but does no damage.
The orc knight is heavily wounded.
The orc knight is engulfed in noxious fumes.
The orc knight appears confused.
You hit the orc knight.
The orc knight looks as sick as possible!
The orc knight is severely wounded.
The orc knight is engulfed in noxious fumes.
The orc knight barely misses you.
You hit the orc knight but do no damage.
The orc knight looks as sick as possible!
The orc knight is severely wounded.
The orc knight is engulfed in noxious fumes.
The orc knight misses you.
You barely miss the orc knight.
The orc knight is severely wounded.
You hit the orc knight but do no damage.
The orc knight looks as sick as possible!
The orc knight is severely wounded.
The orc knight hits you with a +3 battleaxe!
* * * LOW HITPOINT WARNING * * *
The orc knight seems less confused.
The orc knight unwields a +3 battleaxe.
The orc knight wields a +0 arbalest.
The orc knight shoots a bolt.
The bolt hits you!!
You die...
Your body crumbles into a pile of gold.

....[...#.....##.....#....##.....
..[.#.#........#.........####...#
.....#....###.#....#.......#.....
...........###.#....#........)...
..(.........#........#...........
....................#............
...)..........o...#.##...........
....<.................#..........
................@.............$..
.....................$...........
.............................$...
.................................
...#..<.....)..#.................
................##...............
.....##.....#....##.#............
...#..##..........###...#.......#
........#..........# ....##...)##


You could see an orc knight (extremely poisoned).

Vanquished Creatures
  Donald (Orc:2)
  An orc warlord (Orc:2)
  4 orc high priests
  Sonja (Orc:2)
  An orc knight (Orc:2)
  3 orc sorcerers (Orc:2)
  A rime drake (D:11)
  3 trolls
  A hornet (D:10)
  Grinder (D:4)
  A wyvern (D:9)
  4 steam dragons (D:8)
  5 wargs
  2 water moccasins
  13 orc warriors
  A black bear (D:5)
  An ice beast (D:7)
  6 ogres
  A sky beast (D:6)
  A wolf (D:11)
  3 centaurs
  A bullfrog (D:9)
  2 kobold brigands
  A necrophage (D:6)
  2 gnoll sergeants
  A scorpion (D:5)
  A wight (D:8)
  7 killer bees (D:11)
  5 howler monkeys
  A quasit (D:7)
  5 hounds
  21 orc priests
  A jelly (D:3)
  An iguana (D:7)
  20 orc wizards
  14 gnolls
  6 adders
  3 shadow imps
  5 white imps
  3 ufetubi
  A worm (D:3)
  3 dart slugs
  46 orcs
  3 bats
  7 endoplasms
  2 giant cockroaches (D:4)
  A goblin (D:1)
  3 hobgoblins
  17 kobolds
  3 quokkas
  3 ball pythons
  2 frilled lizards (D:3)
  4 rats
250 creatures vanquished.

Vanquished Creatures (others)
  6 fungi
  2 plants (D:6)
8 creatures vanquished.

Grand Total: 258 creatures vanquished

Notes
Turn   | Place    | Note
-------+----------+-------------------------------------------
     0 | D:1      | Anon1729 the Meteoran Venom Mage began the quest for the
                  | Orb.
     0 | D:1      | Reached XP level 1. HP: 14/14 MP: 5/5
   112 | D:1      | Reached XP level 2. HP: 20/20 MP: 2/6
   308 | D:1      | Found Hairut's Antique Armour Shoppe.
   436 | D:1      | Reached XP level 3. HP: 26/26 MP: 8/8
   613 | D:3      | Learned a level 3 spell: Mephitic Cloud
   761 | D:4      | Reached XP level 4. HP: 16/33 MP: 0/9
   847 | D:4      | Found a burning altar of Makhleb.
   918 | D:4      | Noticed an ogre
   947 | D:4      | Killed an ogre
   948 | D:4      | Reached XP level 5. HP: 19/38 MP: 3/11
   959 | D:4      | Noticed an ogre
   985 | D:4      | Killed an ogre
   986 | D:4      | Reached XP level 6. HP: 45/45 MP: 4/13
  1376 | D:3      | Reached skill level 5 in Poison Magic
  1378 | D:3      | Reached XP level 7. HP: 50/50 MP: 4/14
  1825 | D:5      | Entered Level 5 of the Dungeon
  1969 | D:5      | Noticed Grinder
  1987 | D:5      | Paralysed by Grinder for 4 turns
  2007 | D:4      | Killed Grinder
  2008 | D:4      | Reached XP level 8. HP: 50/57 MP: 0/16
  2071 | D:5      | Reached skill level 5 in Spellcasting
  2101 | D:5      | Reached skill level 5 in Dodging
  2412 | D:6      | Reached skill level 5 in Transmutations
  2444 | D:6      | Found an opulent altar of Gozag.
  2454 | D:6      | Became a worshipper of Gozag Ym Sagoz the Greedy
  2479 | D:6      | Gained mutation: You passively map the area around you.
                  | [Meteoran growth]
  2479 | D:6      | Reached XP level 9. HP: 39/62 MP: 1/18
  2657 | D:7      | Found a shadowy altar of Dithmenos.
  2657 | D:7      | Found a shimmering blue altar of Sif Muna.
  2724 | D:7      | Found a staircase to the Ecumenical Temple.
  2799 | D:6      | Learned a level 4 spell: Olgreb's Toxic Radiance
  2803 | D:6      | Learned a level 3 spell: Gell's Gravitas
  2814 | D:6      | Found a runed translucent gate.
  2814 | D:6      | Found a runed translucent gate.
  2814 | D:6      | Found a runed translucent gate.
  2814 | D:6      | Noticed a kobold demonologist
  2815 | D:6      | Noticed Shenda's ghost (novice TeSu)
  3044 | D:7      | Reached skill level 1 in Translocations
  3155 | D:8      | Identified the ring of the City {rF+ Will+}
  3164 | D:8      | Learned a level 5 spell: Iskenderun's Battlesphere
  3300 | D:7      | Reached XP level 10. HP: 48/69 MP: 11/21
  3336 | D:8      | Identified the +5 whip of the Blowfly {antimagic, Contam
                  | rN+ Will+ SInv}
  3714 | D:10     | Entered Level 10 of the Dungeon
  3736 | D:10     | Reached skill level 5 in Stealth
  3819 | D:10     | Identified the +0 robe of Mental Paralysis {Dex+2}
  3843 | D:11     | Found a frozen archway.
  3845 | D:11     | Noticed a rime drake
  3857 | D:11     | Found a staircase to the Orcish Mines.
  3860 | D:11     | Killed a rime drake
  3861 | D:11     | Reached skill level 5 in Translocations
  3861 | D:11     | Reached XP level 11. HP: 74/74 MP: 15/24
  3869 | Orc:1    | Entered Level 1 of the Orcish Mines
  4071 | Orc:1    | Noticed an orc high priest
  4084 | Orc:1    | Killed an orc high priest
  4160 | Orc:2    | Entered Level 2 of the Orcish Mines
  4179 | Orc:2    | Noticed Sonja
  4189 | Orc:2    | Killed Sonja
  4363 | Orc:2    | Found a staircase to the Elven Halls.
  4554 | Orc:2    | Noticed Donald
  4574 | Orc:2    | Killed Donald
  4648 | Orc:2    | Noticed an orc sorcerer
  4649 | Orc:2    | Reached XP level 12. HP: 81/81 MP: 17/26
  4651 | Orc:2    | Noticed an orc warlord
  4657 | Orc:2    | Noticed an orc knight
  4657 | Orc:2    | Noticed an orc high priest
  4662 | Orc:2    | Noticed a sixfirhy
  4662 | Orc:2    | Noticed an orc knight
  4664 | Orc:2    | Noticed an orc high priest
  4665 | Orc:2    | Noticed an orc high priest
  4669 | Orc:2    | Killed an orc high priest
  4670 | Orc:2    | Reached skill level 10 in Poison Magic
  4671 | Orc:2    | Killed an orc knight
  4680 | Orc:2    | Killed an orc warlord
  4681 | Orc:2    | Reached skill level 10 in Spellcasting
  4682 | Orc:2    | Killed an orc high priest
  4712 | Orc:2    | Killed an orc high priest
  4713 | Orc:2    | Reached skill level 10 in Dodging
  4770 | Orc:2    | Shot with a bolt by an orc knight

Illustrated notes

Levels and vault maps discovered:
D:1:      minmay_arrival_plants_in_alcoves, layout_basic, serial_shops, shop,
          nicolae_shop_stone
D:2:      layout_rooms
D:3:      layout_basic, mainiacjoe_overflow_chevrons
D:4:      layout_basic, old_standard_altar, grunt_temple_overflow_diamond
D:5:      layout_loops_ring, uniq_grinder
D:6:      layout_rooms, mainiacjoe_overflow_alcove_1,
          gammafunk_ghost_nasty_kobolds
D:7:      gammafunk_the_bubble [the_bubble_gammafunk_crates], layout_basic,
          mainiacjoe_overflow_large_starburst, minmay_temple_entry_water_ring,
          serial_demonic, serial_demonic_f, serial_demonic_d, serial_demonic_b,
          serial_demonic_a, serial_demonic_e, minmay_manual_mares
D:8:      cheibrodos_steamvent, layout_basic
D:9:      layout_loops_ring, kennysheep_mini_moat
D:10:     layout_roguey, nicolae_concentric_dashed_squares_mild
D:11:     layout_small_grid, hellmonk_lair_entry_icy,
          portal_ice_cave_entry_pillars_1, disabler_island
Orc:1:    layout_diamond_mine, bh_open_orc_temple
Orc:2:    st_orc_congregation, layout_caves, uniq_sonja, uniq_donald

Skill      XL: |  1  2  3  4  5  6  7  8  9 10 11 12 |
---------------+-------------------------------------+-----
Spellcasting   | 3 4 5 7 8 9 10 | 10.2
Poison Magic   | 4 5 6 7 8 9 10 | 10.4
Dodging        | 3 4 5 6 8 9 10 | 10.0
Transmutations | 2 3 4 5 6 7 9 |  9.8
Stealth        | 2 3 4 5 6 |  6.9
Translocations | 2 5 6 7 |  7.8

Action                     |  1- 3 |  4- 6 |  7- 9 | 10-12 || total
---------------------------+-------+-------+-------+-------++-------
  Melee: Long sword        |    15 |       |       |       ||    15
         Dagger            |     5 |    35 |    75 |    93 ||   208
         Punch             |       |     1 |     1 |     2 ||     4
   Cast: Sting             |    32 |    27 |   253 |    70 ||   382
         Mephitic Cloud    |     1 |     4 |     2 |    10 ||    17
         Olgreb's Toxic Ra |       |       |     5 |    60 ||    65
         Gell's Gravitas   |       |       |       |     2 ||     2
 Invoke: Potion Petition   |       |       |       |     1 ||     1
  Evoke: Wand              |       |       |       |     5 ||     5
    Use: Scroll            |       |       |    11 |     2 ||    13
         Potion            |       |       |       |     1 ||     1
   Stab: Confused          |       |     1 |       |     1 ||     2
         Sleeping          |       |       |     1 |     1 ||     2
         Distracted        |       |       |       |     1 ||     1
 Armour: Robe              |     9 |     5 |    43 |     9 ||    66
  Dodge: Dodged            |    23 |    41 |   209 |   202 ||   475

Table legend: (Time is in decaauts)
 A = Elapsed time spent in this place.
 B = Non-inter-level travel time spent in this place.
 C = Inter-level travel time spent in this place.
 D = Time resting spent in this place.
 E = Time spent auto-exploring this place.
 F = Levels seen in this place.
 G = Mean time per level.
                   A        B        C        D        E       F      G
               +--------+--------+--------+--------+--------+-----+--------+
         Total |   4791 |   4449 |    342 |     71 |    108 |  13 |  368.5 |
       Dungeon |   3876 |   3550 |    326 |     71 |     86 |  11 |  352.4 |
  Orcish Mines |    914 |    899 |     15 |      0 |     22 |   2 |  457.0 |
               +--------+--------+--------+--------+--------+-----+--------+

Top non-repeatable levels by time:
     D:4: 684 daAuts
     D:1: 572 daAuts
   Orc:2: 546 daAuts
     D:5: 486 daAuts
     D:6: 393 daAuts
     D:7: 383 daAuts
   Orc:1: 368 daAuts
     D:8: 366 daAuts
     D:3: 302 daAuts
     D:2: 297 daAuts
     D:9: 233 daAuts
    D:10: 124 daAuts
    D:11: 31 daAuts
